 Dungeon Crawl Stone Soup version 0.31-a0-870-g10ed682358 (webtiles) character file.

Game seed: 9009141954414316177

665 BinkBink the Skirmisher (level 7, -6/45 HPs)
             Began as an Octopode Hunter on Oct 12, 2023.
             Was a Follower of Jiyva.
             Mangled by an ice beast (11 damage)
             ... on level 5 of the Dungeon.
             The game lasted 00:07:23 (3953 turns).

BinkBink the Skirmisher (Octopode Hunter)           Turns: 3953, Time: 00:07:23

Health: -6/45      AC:  1    Str: 10    XL:     7   Next: 57%
Magic:  7/7        EV: 18    Int: 11    God:    Jiyva [*.....]
Gold:   130        SH:  0    Dex: 18    Spells: 6/6 levels left

rFire   . . .        a - +0 shortbow
rCold   . . .        (shield currently unavailable)
rNeg    . . .        (helmet restricted)
rPois   .            (no amulet)
rElec   .            k - +5 ring of evasion
rCorr   .            (no ring)
SInv    .            (no ring)
Will    .....        (no ring)
Stlth   +++          (no ring)
HPRegen 1.07/turn    (no ring)
MPRegen 0.35/turn    (no ring)
                     (no ring)

%: no passive effects
@: studying Fire Magic
A: almost no armour, amphibious, 8 rings, camouflage 1, gelatinous body 1,
(nimble swimmer 1), tentacles
a: Renounce Religion


You were on level 5 of the Dungeon.
You worshipped Jiyva.
Jiyva was aware of your devotion.
You visited 1 branch of the dungeon, and saw 5 of its levels.
You also visited: Sewer.

You collected 130 gold pieces.

Inventory:

Hand Weapons
 a - a +0 shortbow (weapon)
Jewellery
 d - a ring of ice
 k - a +5 ring of evasion (left tentacle)
Wands
 p - a wand of iceblast (7)
 s - a wand of paralysis (9)
 u - a wand of polymorph (8)
Scrolls
 g - a scroll of amnesia {unknown}
 h - 2 scrolls of blinking {unknown}
 j - 2 scrolls of teleportation
 l - 4 scrolls of poison
 n - a scroll of vulnerability {unknown}
 o - a scroll of immolation {unknown}
 q - 2 scrolls of enchant weapon
 r - a scroll of fog {unknown}
 v - a scroll of enchant armour {unknown}
Potions
 b - 2 potions of brilliance {unknown}
 c - a potion of cancellation {unknown}
 e - 4 potions of curing {unknown}
 f - a potion of enlightenment {unknown}
 i - 2 potions of might {unknown}
 m - a potion of mutation {unknown}
 t - a potion of heal wounds {unknown}


   Skills:
 - Level 2.0 Fighting
 * Level 9.0 Ranged Weapons
 - Level 2.0 Dodging
 - Level 1.3 Stealth


You had 6 spell levels left.
You didn't know any spells.
Your spell library was empty.

Dungeon Overview and Level Annotations

Branches:
Dungeon (5/15)             Temple (0/1) D:4           Sewer (visited)

Altars:
Gozag

Shops:
D:1 *

Annotations:
D:4 1 runed translucent door, Crazy Yiuf


Innate Abilities, Weirdness & Mutations

You cannot wear most types of armour.
You are amphibious.
You can wear up to eight rings at the same time.
Your skin changes colour to match your surroundings (Stealth+).
Your rubbery body absorbs attacks. (AC +1, EV +1)
((You are camouflaged when in or above water. (Stealth+)))
You have tentacles for arms and can constrict up to eight enemies at once.


Message History

You shoot an arrow. The arrow barely misses the ice beast.
The ice beast hits you. The ice beast freezes you!
You shoot an arrow.
The arrow hits the ice beast but does no damage.
The ice beast is almost dead.
The ice beast hits you. The ice beast freezes you.
You are too injured to fight recklessly!
You are too injured to fight recklessly!
You are too injured to fight recklessly!
You are too injured to fight recklessly!
Aiming: Iceblast
Press: ? - help, Q - select action, (/) - cycle Shift-Dir - straight line, f/p - ice beast
Aim: an ice beast (almost dead)
Okay, then.
Fire: a) +0 shortbow
Press: ? - help, Q - select action, (/) - cycle Shift-Dir - straight line, f/p - ice beast
Aim: an ice beast (almost dead, 66% to hit)
You shoot an arrow.
The arrow hits the ice beast but does no damage.
The ice beast is almost dead.
The ice beast hits you. The ice beast freezes you!
* * * LOW HITPOINT WARNING * * *
Fire: a) +0 shortbow
Press: ? - help, Q - select action, (/) - cycle Shift-Dir - straight line, f/p - ice beast
Aim: an ice beast (almost dead, 66% to hit)
You shoot an arrow.
The arrow hits the ice beast but does no damage.
The ice beast is almost dead.
The ice beast closely misses you.
Fire: a) +0 shortbow
Press: ? - help, Q - select action, (/) - cycle Shift-Dir - straight line, f/p - ice beast
Aim: an ice beast (almost dead, 66% to hit)
You shoot an arrow.
The arrow hits the ice beast but does no damage.
The ice beast is almost dead.
You hear a distant slurping noise.
The ice beast hits you.
* * * LOW HITPOINT WARNING * * *
The ice beast freezes you!
You die...

# .# #?## #######...##
#..<.@Y....# ######.#
#.###.#...## #.<....#
#.#####.# #.# .##
#.######
#.......###.########.#
#######..............#
################


You could see an ice beast.

Vanquished Creatures
  Sigmund (D:3)
  3 hounds
  2 jellies (Sewer)
  An orc priest (D:3)
  2 iguanas
  Terence (D:3)
  13 adders
  2 river rats (D:4)
  3 worms
  2 dart slugs (D:1)
  8 orcs
  14 ball pythons
  5 bats
  14 endoplasms
  6 giant cockroaches
  3 goblins
  5 hobgoblins
  4 kobolds
  2 quokkas
  2 frilled lizards
  12 rats
105 creatures vanquished.

Vanquished Creatures (others)
  An adder (D:5)
  A worm (D:5)
  3 orcs (D:5)
5 creatures vanquished.

Grand Total: 110 creatures vanquished

Notes
Turn   | Place    | Note
-------+----------+-------------------------------------------
     0 | D:1      | BinkBink the Octopode Hunter began the quest for the Orb.
     0 | D:1      | Reached XP level 1. HP: 14/14 MP: 1/1
    92 | D:1      | Found Kolow's Assorted Antiques.
   305 | D:1      | Reached XP level 2. HP: 17/19 MP: 2/2
   774 | D:2      | Reached skill level 5 in Ranged Weapons
   774 | D:2      | Reached XP level 3. HP: 24/24 MP: 3/3
   837 | D:2      | Reached XP level 4. HP: 7/29 MP: 4/4
  1044 | D:2      | Found a faded altar of an unknown god.
  1258 | D:2      | Reached skill level 6 in Ranged Weapons
  1458 | D:3      | Reached XP level 5. HP: 22/34 MP: 5/5
  1717 | D:3      | Reached skill level 7 in Ranged Weapons
  1734 | D:3      | Reached XP level 6. HP: 28/39 MP: 6/6
  1776 | D:3      | Found an opulent altar of Gozag.
  1778 | D:3      | Noticed Sigmund
  1783 | D:3      | Noticed Terence
  1992 | D:3      | Killed Sigmund
  2316 | D:3      | Paralysed by Terence for 4 turns
  2326 | D:3      | Paralysed by Terence for 2 turns
  2331 | D:3      | Paralysed by Terence for 3 turns
  2510 | D:3      | Paralysed by Terence for 5 turns
  2535 | D:2      | Reached skill level 8 in Ranged Weapons
  2710 | D:3      | Paralysed by Terence for 3 turns
  2715 | D:3      | Killed Terence
  2753 | D:4      | Reached XP level 7. HP: 45/45 MP: 7/7
  2834 | D:4      | Found a glowing drain.
  2925 | Sewer    | Entered a sewer
  3249 | Sewer    | Found a viscous altar of Jiyva.
  3258 | Sewer    | Became a worshipper of Jiyva Juogoari the Shapeless
  3525 | D:4      | Reached skill level 9 in Ranged Weapons
  3548 | D:4      | Found a runed translucent door.
  3549 | D:4      | Noticed Crazy Yiuf
  3641 | D:4      | Reached * piety under Jiyva
  3662 | D:4      | Found a staircase to the Ecumenical Temple.
  3903 | D:5      | Entered Level 5 of the Dungeon
  3953 | D:5      | Mangled by an ice beast

Illustrated notes

Levels and vault maps discovered:
D:1:      onia_arrival_handbag, layout_basic, serial_shops,
          nicolae_shop_crystal, dreamdust_princess_bridge, minmay_octomino_c4
D:2:      layout_basic, shapermc_ecumenical_altar_starsandcircs
D:3:      layout_basic, lemuel_tele_altar, uniq_sigmund, uniq_terence
D:4:      layout_loops_cross, minmay_temple_entry_hall, portal_sewer_entry_c,
          uniq_crazy_yiuf_cottage
D:5:      layout_loops_corners, uniq_prince_ribbit1, uniq_edmund

Skill      XL: |  1  2  3  4  5  6  7 |
---------------+----------------------+-----
Ranged Weapons | 5 6 7 8 9 |  9.0
Fighting       | |  2.0
Dodging        | |  2.0
Stealth        | |  1.3

Action                     |  1- 3 |  4- 6 |  7- 9 || total
---------------------------+-------+-------+-------++-------
  Melee: Shortbow          |       |     1 |       ||     1
   Fire: Shortbow          |    71 |   149 |   167 ||   387
  Evoke: Wand              |       |     1 |       ||     1
    Use: Scroll            |       |       |     4 ||     4
 Armour: Skin              |    20 |    22 |    19 ||    61
  Dodge: Dodged            |    29 |    66 |    41 ||   136

Table legend: (Time is in decaauts)
 A = Elapsed time spent in this place.
 B = Non-inter-level travel time spent in this place.
 C = Inter-level travel time spent in this place.
 D = Time resting spent in this place.
 E = Time spent auto-exploring this place.
 F = Levels seen in this place.
 G = Mean time per level.
                   A        B        C        D        E       F      G
               +--------+--------+--------+--------+--------+-----+--------+
         Total |   3973 |   3680 |    293 |    297 |   2612 |   6 |  662.2 |
       Dungeon |   3571 |   3278 |    293 |    240 |   2437 |   5 |  714.2 |
         Sewer |    401 |    401 |      0 |     57 |    175 |   1 |  401.0 |
               +--------+--------+--------+--------+--------+-----+--------+

Top non-repeatable levels by time:
     D:2: 1077 daAuts
     D:3: 851 daAuts
     D:1: 845 daAuts
     D:4: 749 daAuts
   Sewer: 401 daAuts
     D:5: 49 daAuts
